 Dungeon Crawl Stone Soup version 0.30.0-5-g1a98f26d00 (webtiles) character file.

Game seed: 440563518741417794

77 Pimp the Insei (level 4, 0/29 HPs)
             Began as an Octopode Transmuter on May 8, 2023.
             Succumbed to an adder's poison
             ... on level 2 of the Dungeon.
             The game lasted 00:02:38 (1620 turns).

Pimp the Insei (Octopode Transmuter)                Turns: 1620, Time: 00:02:39

Health: 0/29       AC:  1    Str: 10 (11) XL:     4   Next: 34%
Magic:  7/7        EV: 13    Int: 12 (15) God:
Gold:   62         SH:  0    Dex: 11 (12) Spells: 4/8 levels left

rFire   . .          .
                       - Unarmed
rCold   . . .        (no shield)
rNeg    . . .        (helmet restricted)
rPois   .            (no amulet)
rElec   .            (no ring)
rCorr   .            (no ring)
SInv    .            (no ring)
Will    .....        (no ring)
Stlth   ++           (no ring)
HPRegen 0.24/turn    (no ring)
MPRegen 0.10/turn    (no ring)
                     (no ring)

%: no passive effects
@: lethally poisoned (0 -> 0), attractive
A: almost no armour, amphibious, 8 rings, camouflage 1, gelatinous body 1,
(nimble swimmer 1), tentacles
a: no special abilities


You were on level 2 of the Dungeon.
You visited 1 branch of the dungeon, and saw 2 of its levels.

You collected 62 gold pieces.

Inventory:

Magical Staves
 e - a staff of fire
Jewellery
 g - a ring of ice
Scrolls
 b - a scroll of identify {unknown}
 c - a scroll of magic mapping
Potions
 a - a potion of lignification


   Skills:
 + Level 1.9 Fighting
 + Level 2.6 Dodging
 + Level 3.4 Unarmed Combat
 + Level 2.5 Spellcasting
 + Level 2.6 Transmutations


You had 4 spell levels left.
You knew the following spells:

 Your Spells              Type           Power      Damage    Failure   Level
a - Beastly Appendage     Tmut           14%        N/A       9%          1
b - Spider Form           Tmut/Pois      4%         N/A       41%         3

Your spell library contained the following spells:

 Spells                   Type           Power      Damage    Failure   Level
 Wereblood                Tmut           7%         N/A       13%         2
 Ice Form                 Ice/Tmut       4%         N/A       83%         4


Dungeon Overview and Level Annotations

Branches:
Dungeon (2/15)

Altars:


Innate Abilities, Weirdness & Mutations

You cannot wear most types of armour.
You are amphibious.
You can wear up to eight rings at the same time.
Your skin changes colour to match your surroundings (Stealth+).
Your rubbery body absorbs attacks. (AC +1, EV +1)
((You are camouflaged when in or above water. (Stealth+)))
You have tentacles for arms and can constrict up to eight enemies at once.


Message History

The adder is lightly wounded.
You feel sick. The adder bites you.
You miss the adder. Your grab misses the adder.
The adder is lightly wounded.
You feel sick. The adder barely misses you.
You closely miss the adder. Your grab misses the adder.
The adder is lightly wounded.
You feel sick. The adder closely misses you.
You closely miss the adder. Your grab misses the adder.
The adder is lightly wounded.
You feel sick. The adder barely misses you. x2
You miss the adder. You grab the adder. Your squeeze misses the adder.
The adder is lightly wounded.
You constrict the adder.
You feel sick. The adder bites you.
You tentacle-slap the adder but do no damage.
Your squeeze misses the adder.
The adder is moderately wounded.
You constrict the adder.
You feel sick. The adder bites you.
* * * LOW HITPOINT WARNING * * *
You are lethally poisoned!
The adder poisons you!
It was a potion of attraction.
You feel attractive to monsters.
You constrict the adder.
* * * LOW HITPOINT WARNING * * *
You feel sick. The adder barely misses you.
You tentacle-slap the adder. You squeeze the adder.
You kill the adder!
* * * LOW HITPOINT WARNING * * *
You feel sick.
You feel your strength returning.
Okay, then.
There is a lethal amount of poison in your body!
* * * LOW HITPOINT WARNING * * *
You feel sick.
* * * LOW HITPOINT WARNING * * *
You feel sick.
* * * LOW HITPOINT WARNING * * *
You feel sick.
You die...

#...........##.# #
#...........##.# #. #
####+###....##.# #..
# #.#....##.# #.. #
#.#.#....##.# #..##
#?#....)....####....
##<#.######..........
#........##.#####...#
.#.@)...##...# #.. #
#......####.# ##.
#.....## #.#######
#.#.....#####.##.....
#....†......#.##.....
###########.#.##..[..
#...............
#...###.#÷###.... #.
###.#'###....


There were no monsters in sight!

Vanquished Creatures
  2 adders (D:2)
  A worm (D:2)
  3 dart slugs
  A ball python (D:2)
  6 endoplasms
  A giant cockroach (D:1)
  5 goblins
  6 hobgoblins
  5 kobolds
  4 quokkas
  4 bats (D:1)
  2 frilled lizards (D:1)
  5 rats
45 creatures vanquished.

Notes
Turn   | Place    | Note
-------+----------+-------------------------------------------
     0 | D:1      | Pimp the Octopode Transmuter began the quest for the Orb.
     0 | D:1      | Reached XP level 1. HP: 13/13 MP: 3/3
    71 | D:1      | Reached XP level 2. HP: 18/18 MP: 5/5
   425 | D:1      | Found a faded altar of an unknown god.
   531 | D:1      | Reached XP level 3. HP: 20/23 MP: 6/6
   596 | D:1      | Learned a level 3 spell: Spider Form
  1384 | D:2      | Reached XP level 4. HP: 29/29 MP: 7/7
  1619 | D:2      | HP: 1/29 [poisoned by an adder]
  1620 | D:2      | Succumbed to an adder's poison

Illustrated notes

Levels and vault maps discovered:
D:1:      matt_arrival_grand_opening, layout_basic,
          ebering_ecumenical_altar_rust
D:2:      layout_basic, kennysheep_cross_room, minmay_pentomino_x2

Action                     |  1- 3 |  4- 6 || total
---------------------------+-------+-------++-------
  Melee: Unarmed           |    96 |    25 ||   121
         Tentacles         |    18 |     7 ||    25
         Constrict         |    19 |     6 ||    25
         Punch             |     5 |       ||     5
    Use: Scroll            |     5 |       ||     5
         Potion            |     4 |     1 ||     5
   Stab: Sleeping          |    10 |     1 ||    11
 Armour: Skin              |    11 |       ||    11
  Dodge: Dodged            |    51 |    17 ||    68
